 Dungeon Crawl Stone Soup version 0.21.1-72-gffa868e0fe (webtiles) character file.

9884 IceCat the Basher (level 11, -1/60 HPs)
             Began as a Gargoyle Fighter on Aug 5, 2018.
             Was a Priest of Okawaru.
             Slain by a death yak (6 damage)
             ... on level 9 of the Dungeon.
             The game lasted 00:40:50 (11457 turns).

IceCat the Basher (Gargoyle Fighter)               Turns: 11457, Time: 00:40:50

Health: -1/60      AC: 25    Str: 26    XL:     11   Next: 53%
Magic:  12/13      EV:  9    Int:  8    God:    Okawaru [***...]
Gold:   470        SH: 14    Dex:  9    Spells: 10/10 levels left

rFire    x . .     SeeInvis .   E - +1 flail (holy)
rCold    + . .     Gourm    .   c - +0 shield
rNeg     + . .     Faith    .   k - +0 plate armour
rPois    ∞         Spirit   .   (no helmet)
rElec    +         Reflect  .   (no cloak)
rCorr    .         Harm     .   q - +1 pair of gloves
MR       .....                  (no boots)
Stlth    ..........             K - amulet of rage
HPRegen  0.20/turn              o - ring of ice
MPRegen  0.13/turn              H - +2 ring of strength

@: heroism
A: frail 1, negative energy resistance 1, electricity resistance, unbreathing,
petrification resistance, rot immunity, AC +8
a: Heroism, Renounce Religion, Evoke Berserk Rage


You were on level 9 of the Dungeon.
You worshipped Okawaru.
Okawaru was most pleased with you.
You were not hungry.

You visited 2 branches of the dungeon, and saw 11 of its levels.

You collected 638 gold pieces.
You spent 168 gold pieces at shops.

Inventory:

Hand Weapons
 a - a +0 flail
 d - the +0 dagger "Hagoav" {speed, SInv}
   (You found it on level 4 of the Dungeon)

   Attacks with this weapon are significantly faster.
   It lets you see invisible.
 E - a +1 flail of holy wrath (weapon)
Armour
 b - a +0 scale mail
 c - a +0 shield (worn)
 k - a +0 plate armour (worn)
 q - a +1 pair of gloves (worn)
 Q - the +1 robe "Laops" {*Contam Str+6}
   (You found it on level 9 of the Dungeon)

   It affects your strength (+6).
   It causes magical contamination when unequipped.
Jewellery
 n - the amulet "Vosau" {Gourm rN+, unknown}
   (You found it on level 9 of the Dungeon)

   [amulet of the gourmand]

   It allows you to eat raw meat even when not hungry.
   It protects you from negative energy.
 o - a ring of ice (left hand)
 w - the amulet of the Air {Inacc +Fly rElec EV+5 RMsl}
   (You found it on level 4 of the Dungeon)

   [amulet of inaccuracy]

   It reduces the accuracy of all your attacks.
   It affects your evasion (+5).
   It insulates you from electricity.
   It lets you fly.
   It protects you from missiles.
 H - a +2 ring of strength (right hand)
 K - an amulet of rage (around neck)
Wands
 t - a wand of polymorph (18)
 x - a wand of disintegration (23)
 y - a wand of digging (18)
 F - a wand of flame (16)
Scrolls
 g - 3 scrolls of identify
 h - 2 scrolls of enchant armour
 j - 4 scrolls of magic mapping
 m - 4 scrolls of teleportation
 s - 2 scrolls of amnesia {unknown}
 u - 4 scrolls of fear {unknown}
 v - 2 scrolls of remove curse
 B - a scroll of fog
 G - a scroll of immolation
 I - a scroll of blinking
 J - a scroll of enchant weapon
 L - a scroll of noise
 R - a scroll of random uselessness {unknown}
Potions
 e - 5 potions of flight
 i - 2 potions of lignification {unknown}
 l - 2 potions of agility {unknown}
 p - a potion of resistance {unknown}
 r - a potion of brilliance
 z - a potion of ambrosia
 A - 2 potions of curing {unknown}
 C - a potion of cancellation
 D - a potion of heal wounds {unknown}
 N - a potion of might
Books
 M - a book of Cantrips

   Spells                             Type                      Level
   a - Confusing Touch                Hexes                        1
   b - Animate Skeleton               Necromancy                   1
   c - Summon Small Mammal            Summoning                    1
   d - Apportation                    Translocation                1
 O - a book of Frost

   Spells                             Type                      Level
   a - Freeze                         Ice                          1
   b - Throw Frost                    Conjuration/Ice              2
   c - Ozocubu's Armour               Charms/Ice                   3
   d - Throw Icicle                   Conjuration/Ice              4
   e - Summon Ice Beast               Ice/Summoning                4
 P - a book of Party Tricks

   Spells                             Type                      Level
   a - Summon Butterflies             Summoning                    1
   b - Apportation                    Translocation                1
   c - Lesser Beckoning               Translocation                3
   d - Tukima's Dance                 Hexes                        3
   e - Alistair's Intoxication        Transmutation/Poison         5
   f - Invisibility                   Hexes                        6
Comestibles
 f - 23 rations


   Skills:
 + Level 7.1(12.1) Fighting
 * Level 13.0(18.0) Maces & Flails
 + Level 6.8(11.8) Armour
 + Level 0.5(5.5) Dodging
 + Level 9.4(14.4) Shields
 * Level 3.4 Invocations
 + Level 0.6 Evocations


You had 10 spell levels left.
You didn't know any spells.

Dungeon Overview and Level Annotations

Branches:
Dungeon (10/15)            Temple (1/1) D:7             Orc (0/2) D:9
   Lair: D:8-11

Altars:
Ashenzari
Dithmenos
Elyvilon
Fedhas
Gozag
Hepliaklqana
Kikubaaqudgha
Makhleb
Nemelex Xobeh
Okawaru
Trog
Vehumet
Yredelemnul
Zin
The Shining One
Jiyva

Shops:
D:8 *


Innate Abilities, Weirdness & Mutations

You are resistant to torment.
Your stone body is resilient. (AC +8)
You are immune to poison.
You resist negative energy. (rN+)
You are resistant to electric shocks. (rElec)
You can survive without breathing.
You are immune to petrification.
You are immune to rotting.
You are frail. (-10% HP)


Message History

The death yak is heavily wounded.
The death yak gores you.
Your plate armour prevents you from hitting the death yak.
The death yak is heavily wounded.
The death yak closely misses you.
Your plate armour prevents you from hitting the death yak.
The death yak is heavily wounded.
Your plate armour prevents you from hitting the death yak.
The death yak is heavily wounded.
The death yak gores you!
* * * LOW HITPOINT WARNING * * *
Your plate armour prevents you from hitting the death yak.
The death yak is heavily wounded.
The death yak gores you.
* * * LOW HITPOINT WARNING * * *
You hit the death yak.
The death yak is heavily wounded.
Okay, then.
The death yak gores you.
You die...

#.# ##..#©#..## #.# #.#
###.##########.###.## ###.#####)#
#..........# ####### #.........#
#...##.##..# ##### #.########.
#...##.##..# #.©.# #.# #.
#...##.##..####..## #.# #.
.................# #.# #.
#...##.##..#####.######.########.
#......##..# #@#...............
#.....###..# #Y#.8≈≈≈≈≈≈≈≈≈≈≈≈≈
##.........# #>#.≈8≈≈≈≈≈≈≈≈≈≈≈≈
##.######## #%#.≈≈.'##########
#.# #.#.≈≈.#.......... #.#
#.#.≈≈##.)........ ##'##
#.#.)).)).)......8 ##...##
#.#.≈≈##)......... #.....##
####.#.≈≈.#..........


You could see a death yak.

Vanquished Creatures
  A two-headed ogre (D:8)
  2 death yaks (D:9)
  The ghost of Fascinator the Cleaver, a novice MiFi of Ru (D:7)
  The ghost of Anaz the Cudgeler, a novice HuSk (D:5)
  Grinder (D:5)
  Prince Ribbit (D:9)
  5 slime creatures (D:9)
  A hippogriff (D:8)
  A spriggan (D:7)
  A wyvern (D:8)
  The ghost of Eurus the Ruffian, an amateur DrTm (D:4)
  A hungry ghost (D:7)
  Menkaure (D:5)
  A water moccasin (D:9)
  A black bear (D:6)
  8 orc warriors
  4 ice beasts
  2 sky beasts
  2 phantoms
  3 ogres
  2 centaurs
  2 bullfrogs (D:7)
  A gnoll sergeant (D:8)
  A wyvern skeleton (D:9)
  5 scorpions
  15 killer bees
  2 electric eels (D:9)
  5 crimson imps
  A bullfrog zombie (D:6)
  2 jellies
  5 hounds
  3 bullfrog skeletons
  A gnoll shaman (D:5)
  6 orc priests
  13 orc wizards
  5 iguanas
  8 worker ants
  A hound zombie (D:5)
  2 hound skeletons
  A howler monkey zombie (D:7)
  13 gnolls
  5 adders
  A shadow imp (D:4)
  3 oozes
  An adder skeleton (D:7)
  An adder zombie (D:7)
  2 worms (D:4)
  4 dart slugs
  4 leopard geckos (D:6)
  53 orcs
  8 bats
  3 giant cockroaches
  2 gnoll zombies (D:3)
  6 goblins
  9 hobgoblins
  12 jackals
  8 kobolds
  A quokka (D:2)
  A ball python (D:4)
  8 frilled lizards
  A quokka skeleton (D:5)
  6 rats
272 creatures vanquished.

Notes
Turn   | Place    | Note
-------+----------+-------------------------------------------
     0 | D:1      | IceCat the Gargoyle Fighter began the quest for the Orb.
     0 | D:1      | Reached XP level 1. HP: 14/14 MP: 1/1
    69 | D:1      | Reached XP level 2. HP: 19/19 MP: 2/2
   507 | D:1      | Reached XP level 3. HP: 23/23 MP: 3/3
  1359 | D:2      | Reached skill level 3 in Maces & Flails
  1359 | D:2      | Reached XP level 4. HP: 27/29 MP: 4/4
  1762 | D:3      | Reached XP level 5. HP: 32/33 MP: 5/5
  1785 | D:3      | Reached skill level 4 in Maces & Flails
  1874 | D:3      | Found a faded altar of an unknown god.
  2108 | D:3      | Noticed a sky beast
  2132 | D:3      | Killed a sky beast
  2132 | D:3      | Reached XP level 6. HP: 31/38 MP: 6/6
  2257 | D:3      | Found a basalt altar of Yredelemnul.
  2361 | D:4      | Got a polished dagger
  2362 | D:4      | Identified the cursed +0 dagger "Hagoav" {speed, SInv} (You found it on level 4 of the Dungeon)
  2402 | D:4      | Reached skill level 5 in Maces & Flails
  2783 | D:4      | Found the amulet of the Air {Inacc +Fly rElec EV+5 RMsl}
  2786 | D:4      | Noticed Eurus's ghost (amateur DrTm)
  2848 | D:4      | Killed Eurus's ghost
  2848 | D:4      | Reached skill level 6 in Maces & Flails
  2848 | D:4      | Reached skill level 5 in Shields
  2848 | D:4      | Reached XP level 7. HP: 19/43 MP: 7/7
  3332 | D:5      | Entered Level 5 of the Dungeon
  3574 | D:5      | Found a glowing golden altar of the Shining One.
  3575 | D:5      | Noticed Anaz's ghost (novice HuSk)
  4323 | D:5      | Reached XP level 8. HP: 48/48 MP: 8/8
  4367 | D:5      | Reached skill level 7 in Maces & Flails
  4404 | D:5      | Found a glowing silver altar of Zin.
  4405 | D:5      | Found a white marble altar of Elyvilon.
  4431 | D:5      | Noticed Menkaure
  4450 | D:5      | Killed Menkaure
  4807 | D:5      | Killed Anaz's ghost
  4807 | D:5      | Reached skill level 8 in Maces & Flails
  4928 | D:5      | Found a bloodstained altar of Trog.
  4936 | D:5      | Noticed Grinder
  4950 | D:5      | Killed Grinder
  4950 | D:5      | Reached skill level 5 in Armour
  4950 | D:5      | Reached XP level 9. HP: 52/53 MP: 9/9
  5123 | D:6      | Reached skill level 5 in Fighting
  5123 | D:6      | Reached skill level 9 in Maces & Flails
  5845 | D:6      | Found a sparkling altar of Nemelex Xobeh.
  6139 | D:7      | Reached skill level 10 in Maces & Flails
  6785 | D:7      | Noticed Fascinator's ghost (novice MiFi)
  6807 | D:7      | Killed Fascinator's ghost
  6807 | D:7      | Reached XP level 10. HP: 25/60 MP: 10/10
  7011 | D:7      | Reached skill level 11 in Maces & Flails
  7440 | D:7      | Found a staircase to the Ecumenical Temple.
  7571 | Temple   | Entered the Ecumenical Temple
  7663 | Temple   | Became a worshipper of Warmaster Okawaru
  8138 | D:8      | Noticed a two-headed ogre
  8155 | D:8      | Killed a two-headed ogre
  8155 | D:8      | Reached * piety under Okawaru
  8155 | D:8      | Reached skill level 1 in Invocations
  8164 | D:8      | Found a radiant altar of Vehumet.
  8166 | D:8      | Found Cimyah's Assorted Antiques.
  8174 | D:8      | Bought a potion of might for 96 gold pieces
  8174 | D:8      | Bought a scroll labeled IRCHIF KEIJ TOA for 24 gold pieces
  8174 | D:8      | Bought a scroll of identify for 48 gold pieces
  8253 | D:8      | Reached ** piety under Okawaru
  8583 | D:8      | Reached skill level 12 in Maces & Flails
  8843 | D:8      | Reached XP level 11. HP: 56/66 MP: 12/12
  9075 | D:9      | Got a distressingly furry robe
  9086 | D:9      | Identified the +1 robe "Laops" {*Contam Str+6} (You found it on level 9 of the Dungeon)
  9108 | D:9      | Gained mutation: You are frail. (-10% HP) [mutagenic glow]
  9317 | D:9      | Noticed Prince Ribbit
  9342 | D:9      | Found a shadowy altar of Dithmenos.
  9430 | D:9      | Found a transporter.
  9433 | D:9      | Found a viscous altar of Jiyva.
  9571 | D:9      | Found a transporter.
  9946 | D:9      | Got a slimy ruby amulet
 10011 | D:9      | Killed Prince Ribbit
 10011 | D:9      | Reached *** piety under Okawaru
 10774 | D:9      | Found a staircase to the Orcish Mines.
 11230 | D:10     | Entered Level 10 of the Dungeon
 11230 | D:10     | Noticed a death yak
 11230 | D:10     | Noticed a death yak
 11235 | D:10     | Noticed a death yak
 11236 | D:10     | Noticed a death yak
 11251 | D:9      | Killed a death yak
 11273 | D:9      | Killed a death yak
 11273 | D:9      | Reached skill level 13 in Maces & Flails
 11457 | D:9      | Slain by a death yak

Skill      XL: |  1  2  3  4  5  6  7  8  9 10 11 |
---------------+----------------------------------+-----
Maces & Flails | 3 4 6 8 10 12 13 | 13.0
Shields        | 4 5 6 8 9 |  9.4
Fighting       | 4 6 7 |  7.1
Armour         | 4 5 6 |  6.8
Invocations    | 1 3 |  3.4
Dodging        | |  0.5
Evocations     | |  0.6

Action                   |  1- 3 |  4- 6 |  7- 9 | 10-12 || total
-------------------------+-------+-------+-------+-------++-------
Melee: Flail             |   181 |   279 |   776 |   589 ||  1825
Invok: Heroism           |       |       |       |     3 ||     3
 Abil: Evoke Berserk Rag |       |       |       |     1 ||     1
Evoke: Wand              |       |       |     2 |     3 ||     5
  Use: Potion            |       |     1 |     2 |     1 ||     4
       Scroll            |       |     4 |     5 |     6 ||    15
  Eat: Chunk             |     1 |     6 |    11 |    16 ||    34
       Ration            |       |       |     1 |     1 ||     2
Armor: Scale mail        |    50 |       |       |       ||    50
       Plate armour      |    71 |   195 |   499 |   223 ||   988
Dodge: Dodged            |    51 |    38 |   209 |    82 ||   380
Block: Shield            |   105 |   143 |   445 |   297 ||   990
